 Dungeon Crawl Stone Soup version 0.27-a0-1532-gca18f49f40 (webtiles) character file.

Game seed: 11531448429314838859

330001 robertstho the Sorcerer (level 22, -11/172 HPs)
             Began as a Djinni Fire Elementalist on July 9, 2021.
             Was an Initiate of Gozag.
             Mangled by a vault guard (19 damage)
             ... on level 4 of the Vaults on July 12, 2021.
             The game lasted 02:18:49 (49348 turns).

robertstho the Sorcerer (Djinni Fire Elementalist) Turns: 49348, Time: 02:18:49

Health: -11/172    AC: 14    Str: 10    XL:     22   Next: 71%
Gold:   11348      EV: 16    Int: 28    God:    Gozag SH:  9 Dex: 13

rFire    + + +     SeeInvis +   E - +6 broad axe (freeze)
rCold    + + .     Faith    .   s - +2 shield of Resistance {rF++ rC++ Will++}
rNeg     . . .     Spirit   +   Z - +4 moon troll leather armour {Spirit, Regen++ MP+5}
rPois    ∞         Reflect  .   o - +1 hat of Ixyc {rC+ MP+9}
rElec    .         Harm     .   y - +1 cloak of Starlight {*Dazzle EV+4 Stlth--}
rCorr    .         Rampage  .   w - +2 pair of gloves {Str+3}
Will     ++++.                  (boots unavailable)
Stlth    +.........             A - amulet of Vitality {Regen+ HP+15}
HPRegen  3.38/turn              k - ring of see invisible
MPRegen  0.00/turn              h - ring of wizardry

@: unable to read, flying
A: sickness immunity, fire resistance 2, cold vulnerability 1, float, innate
caster, hp casting, extra vitality 1, antennae 1, inability to read while
threatened
}: 2/15 runes: decaying, gossamer
a: Renounce Religion, Potion Petition, Call Merchant, Bribe Branch


You were on level 4 of the Vaults.
You worshipped Gozag.
Gozag was extremely pleased with you.
You visited 7 branches of the dungeon, and saw 37 of its levels.
You also visited: Wizlab.

You collected 16620 gold pieces.
You spent 1545 gold pieces at shops.
You paid 3727 gold pieces to Gozag.

Inventory:

Hand Weapons
 x - the +4 hand axe of Von Hibb {flame, rF- Dex+7}
   (You found it on level 8 of the Dungeon)

   It has been specially enchanted to burn those struck by it, causing extra
   injury to most foes and up to half again as much damage against particularly
   susceptible opponents.
   Big, fiery blades are also staple armaments of hydra-hunters.
   Dex:       It affects your dexterity (+7).
   rF:        It makes you vulnerable to fire.
 E - a +6 broad axe of freezing (weapon)
 F - a +0 scimitar of flaming
Missiles
 j - 8 atropa-tipped darts
 V - 4 throwing nets
Armour
 o - the +1 hat of Ixyc (worn) {rC+ MP+9}
   (You found it in a wizard's laboratory)

   rC:        It protects you from cold.
   MP:        It affects your magic capacity (+9).
 s - the +2 shield of Resistance (worn) {rF++ rC++ Will++}
   (You found it on level 2 of the Vaults)

   rF:        It greatly protects you from fire.
   rC:        It greatly protects you from cold.
   Will:      It greatly increases your willpower.
 w - a +2 pair of gloves of strength (worn)
 y - the +1 cloak of Starlight (worn) {*Dazzle EV+4 Stlth--}
   (You bought it in a shop on level 6 of the Lair of Beasts)

   EV:        It affects your evasion (+4).
   Stlth:     It makes you much less stealthy.
 Z - the +4 moon troll leather armour (worn) {Spirit, Regen++ MP+5}
   (You took it off a moon troll in a wizard's laboratory)

   MP:        It affects your magic capacity (+5).
   Regen:     It increases your rate of health regeneration.
Jewellery
 h - a ring of wizardry (right hand)
 k - a ring of see invisible (left hand)
 p - a +4 ring of protection
 t - a ring of willpower
 z - a ring of wizardry
 A - the amulet of Vitality (around neck) {Regen+ HP+15}
   (You found it on level 10 of the Dungeon)

   [amulet of regeneration]

   HP:        It affects your health (+15).
   Regen:     It increases your rate of health regeneration.
 H - a ring of positive energy
 P - a +6 ring of strength
 Q - a ring of protection from cold
 T - a +6 ring of intelligence
 X - a ring of resist corrosion
 Y - the ring of Naxki {+Blink rF- EV+4 Int+4 Slay+5}
   (You found it in a wizard's laboratory)

   [ring of evasion]

   EV:        It affects your evasion (+4).
   Int:       It affects your intelligence (+4).
   Slay:      It affects your accuracy & damage with ranged weapons and melee
   (+5).
   rF:        It makes you vulnerable to fire.
   +Blink:    It lets you blink.
Wands
 f - a wand of digging (5)
 v - a wand of iceblast (20)
 C - a wand of paralysis (5)
 K - a wand of mindburst (62)
Scrolls
 a - 6 scrolls of fear
 c - 18 scrolls of teleportation
 e - 6 scrolls of silence
 g - 3 scrolls of holy word
 i - 6 scrolls of vulnerability
 l - 2 scrolls of blinking
 m - 7 scrolls of fog
 r - 4 scrolls of identify
 u - 4 scrolls of magic mapping
 D - 3 scrolls of enchant armour
 G - 6 scrolls of immolation
 I - 7 scrolls of enchant weapon
 S - a scroll of brand weapon
Potions
 b - 4 potions of might
 d - 10 potions of brilliance
 n - a potion of resistance
 q - a potion of invisibility
 B - 5 potions of haste
 J - 9 potions of curing
 N - a potion of ambrosia
 O - 4 potions of cancellation
 R - 2 potions of berserk rage
 W - 3 potions of mutation
Miscellaneous
 M - a condenser vane
 U - a tin of tremorstones (2/2)


   Skills:
 * Level 13.7 Fighting
 + Level 3.2(3.4) Axes
 + Level 1.4(2.5) Maces & Flails
 + Level 2.4 Armour
 + Level 8.0 Dodging
 + Level 5.4 Stealth
 + Level 1.3 Shields
 + Level 1.1 Unarmed Combat
 * Level 24.1 Spellcasting
 + Level 1.4 Evocations


You had 8 spell levels left.
You knew the following spells:

 Your Spells              Type           Power      Damage    Failure   Level
a - Foxfire               Conj/Fire      100%       2x1d9     0%          1
b - Conjure Flame         Conj/Fire      100%       6-21      0%          3
c - Inner Flame           Hex/Fire       100%       N/A       0%          3
d - Sticky Flame          Conj/Fire      100%       2d11      0%          4
e - Fireball              Conj/Fire      53%        3d21      0%          5
f - Animate Skeleton      Necr           100%       N/A       0%          1
g - Static Discharge      Conj/Air       100%       N/A       0%          2
h - Ozocubu's Armour      Ice            100%       N/A       0%          3
i - Leda's Liquefaction   Hex/Erth       53%        N/A       0%          4
j - Animate Armour        Summ/Erth      100%       N/A       0%          4
k - Iskenderun's Battles  Conj           100%       2d15      0%          5
l - Starburst             Conj/Fire      53%        8x6d14    1%          6
m - Summon Hydra          Summ           53%        N/A       1%          7
n - Statue Form           Tmut/Erth      70%        N/A       1%          6
o - Storm Form            Tmut/Air       53%        N/A       1%          7
Your spell library was empty.

Dungeon Overview and Level Annotations

Branches:
Dungeon (15/15)            Temple (1/1) D:7            Lair (6/6) D:10
  Swamp (4/4) Lair:4       Spider (4/4) Lair:3        Slime (0/5) Lair:6
    Orc (2/2) D:9             Elf (0/3) Orc:2        Vaults (5/5) D:14
  Crypt (0/3) Vaults:2     WizLab (visited)
 Depths: D:15

Altars:
Fedhas
Gozag
Hepliaklqana
Makhleb
Uskayaw
Xom
Yredelemnul
Jiyva

Shops:
D:4 (   D:13 (   D:14 =   Orc:2 (((*   Lair:6 [   Vaults:3 !

Annotations:
D:8 1 runed translucent door, puppykicker's ghost, novice DjWz
Lair:1 exclusion: oklob plant
Lair:5 3 runed translucent doors, Kuris's ghost, journeyman DsCK
Swamp:4 1 runed translucent door, Snikeer's ghost, adept GnEE
Vaults:1 36 runed doors


Innate Abilities, Weirdness & Mutations

You are immune to sickness and miasma.
You are immune to poison.
Your flesh is very heat resistant. (rF++)
You are vulnerable to cold. (rC-)
You float through the air rather than walking.
You learn spells naturally, not from books.
Your magical power is your life essence.
You have superior vitality. (+4 HP)
You have a pair of small antennae on your head.
You sometimes lose the ability to read scrolls when taking damage.


Message History

The vault guard hits you with a +0 battleaxe!
The vault guard hits you with a +0 battleaxe!!
The vault guard completely misses you.
The ironbound convoker gestures at something while chanting.
The vault guard hits you with a +0 great mace!
The vault warden hits you but does no damage.
A sphinx comes into view.
You cannot read scrolls in your current state!
The vault guard completely misses you.
The vault guard hits you with a +0 long sword!
* * * LOW HITPOINT WARNING * * *
The vault guard hits you with a +0 long sword.
* * * LOW HITPOINT WARNING * * *
The phantasmal warrior blinks!
The sphinx mumbles some strange words.
The sphinx is healed somewhat.
The vault guard hits you with a +0 battleaxe.
* * * LOW HITPOINT WARNING * * *
The vault guard barely misses you. You block the vault guard's attack.
The vault guard closely misses you.
The vault guard hits you from afar with a +0 antimagic bardiche.
* * * LOW HITPOINT WARNING * * *
You block the vault guard's attack. You block the vault warden's attack.
The vault guard closely misses you.
You fly upwards.
There is a stone staircase leading down here.
Drinking this now will have no effect.
Unknown command.
You feel better. The vault guard completely misses you.
The vault guard's sight is seared by the starlight!
The vault guard misses you.
The vault guard hits you with a +0 battleaxe!
* * * LOW HITPOINT WARNING * * *
The vault guard hits you with a +0 battleaxe!!
* * * LOW HITPOINT WARNING * * *
The vault guard hits you with a +0 long sword!
* * * LOW HITPOINT WARNING * * *
The vault guard hits you with a +2 dire flail!!
You die...
Your body crumbles into a pile of gold.

...# #......)....# ...#
##.#.#.#.#.## #'## #######'####
######## ...#########.......#
#....... ...#.#.#.#.#....[..#
#....... ...#...#...#.......#
#....... ...'...'..(#.......#
#....... ...#...#[..'[(.ppp.#
#....... ...#.#.#.#.')..p@p.#
#....... ...#########...ppp.#
######## ...# #.......# ...#
#.....[.#
##'###############'##############
#...............................
#....................[..........
#...............................
#...............................


You could see 8 vault guards.

Vanquished Creatures
  Margery (Vaults:3)
  Jory (Vaults:4)
  A moon troll (WizLab)
  A quicksilver dragon (WizLab)
  5 sphinxes
  6 tentacled starspawn (WizLab)
  3 thorn hunters
  A revenant (Vaults:2)
  A cacodemon (WizLab)
  5 ghost moths
  Louise (Swamp:3)
  2 orc warlords
  The ghost of Hazorath the Brawler, a journeyman TrBe of Trog (Orc:1)
  2 emperor scorpions (Spider:4)
  10 vault wardens
  3 ghouls (Swamp:4)
  15 ironbound preservers
  A war gargoyle (Vaults:1)
  2 green draconians (Swamp:4)
  A hydra skeleton (Swamp:4)
  A stone giant (WizLab)
  9 very ugly things
  2 vampire knights (Swamp:4)
  3 entropy weavers
  A bunyip (Swamp:1)
  Azrael (Orc:2)
  3 spark wasps
  3 dire elephants
  A deep elf death mage (Vaults:2)
  A deep elf high priest (Vaults:2)
  2 shambling mangroves (Swamp:4)
  8 yaktaur captains
  5 great orbs of eyes
  4 boulder beetles
  15 vault guards
  20 hydras
  A spriggan air mage (Swamp:2)
  4 ironbound frosthearts
  6 ironbound thunderhulks
  A peacekeeper (Vaults:1)
  2 catoblepae (D:13)
  15 centaur warriors
  5 ghost crabs
  2 ogre magi
  9 two-headed ogres
  5 alligators
  Erica (D:10)
  12 death yaks (Lair:6)
  3 ironbound beastmasters
  A tengu warrior (D:14)
  Urug (Lair:3)
  5 orc high priests
  A deep elf knight (Vaults:2)
  A fire crab (Lair:3)
  2 skeletal warriors
  A hell knight (Vaults:3)
  7 glowing orange brains
  2 flayed ghosts (Swamp:4)
  3 spriggan druids
  8 swamp dragons
  23 deep trolls
  5 bog bodies
  4 goliath frogs
  2 spectral hydras (Swamp:4)
  2 phantasmal warriors (Swamp:4)
  6 lindwurms
  5 wizards
  Pikel (D:6)
  A deep elf archer (D:14)
  A harpy (Vaults:2)
  7 necromancers
  13 ironbound convokers
  6 orc knights
  4 oklob plants
  3 deep elf zephyrmancers (D:14)
  21 wolf spiders
  17 orb spiders
  12 ugly things
  4 will-o-the-wisps
  4 orc sorcerers
  A tengu skeleton (Vaults:3)
  5 deep elf pyromancers
  A moth of wrath (shapeshifter) (D:13)
  3 cyclopes (D:14)
  2 manticores
  3 moths of wrath
  A frost giant skeleton (Vaults:2)
  7 elephants (Lair:6)
  2 human skeletons (Vaults:2)
  16 vault sentinels
  5 black mambas
  3 eyes of devastation (WizLab)
  12 cane toads
  2 gargoyles
  2 torpor snails
  4 centaur skeletons (D:14)
  A kobold demonologist (D:14)
  10 komodo dragons
  A yaktaur (shapeshifter) (D:13)
  16 yaktaurs
  7 rime drakes
  12 demonic crawlers
  2 tengu conjurers
  5 hydra zombies (Swamp:4)
  6 trolls
  3 meliai (Spider:3)
  2 bloated husks (Swamp:2)
  A death drake zombie (Swamp:4)
  5 polar bears
  20 hornets
  Prince Ribbit (Lair:3)
  22 jumping spiders
  22 slime creatures
  3 tyrant leeches
  11 blink frogs
  2 death drake skeletons (Swamp:4)
  A human simulacrum (Vaults:2)
  4 dream sheep (Lair:6)
  37 redbacks
  Sigmund (D:4)
  26 spriggans
  2 shadows
  38 tarantellas
  3 wyverns
  4 wraiths
  35 yaks
  A vampire (D:9)
  2 golden eyes (WizLab)
  5 basilisks
  2 fire elementals (Orc:2)
  A hog (shapeshifter) (D:14)
  A neqoxec (WizLab)
  4 steam dragons
  24 swamp worms
  13 vampire mosquitoes
  Edmund (D:4)
  A warg (Orc:1)
  20 water moccasins
  5 acid dragons
  4 hydra simulacra (Swamp:4)
  2 hell hounds (Orc:2)
  2 spectral trolls (Orc:1)
  8 swamp drakes (Swamp:4)
  16 orc warriors
  5 black bears
  15 ogres
  2 hornet zombies
  15 centaurs
  4 boggarts (Lair:6)
  19 wolves (Lair:6)
  A swamp dragon skeleton (Swamp:4)
  2 lemures (D:6)
  5 kobold brigands
  3 human zombies
  14 bullfrogs
  2 gnoll sergeants (D:8)
  A wyvern zombie (D:6)
  5 scorpions
  5 killer bees (D:9)
  An electric eel (Lair:4)
  3 howler monkeys (D:9)
  A centaur zombie (D:8)
  21 starcursed masses (WizLab)
  5 hounds
  25 orc priests
  Crazy Yiuf (D:6)
  4 bullfrog skeletons
  Jessica (D:2)
  Natasha (thrice) (D:4)
  A cyclops simulacrum (Orc:1)
  2 iguanas
  18 orc wizards
  A spectral orc (Orc:1)
  A hound zombie (D:5)
  Robin (D:4)
  A howler monkey zombie (D:5)
  6 gnolls (D:8)
  6 adders
  2 shadow imps
  A white imp (D:6)
  3 worms
  3 dart slugs
  62 orcs
  4 orc simulacra (Orc:1)
  2 bats
  11 endoplasms
  7 giant cockroaches
  14 goblins
  12 hobgoblins
  11 jackals
  29 kobolds
  4 quokkas
  4 ball pythons
  7 frilled lizards
  2 rats
  12 briar patches (Swamp:3)
  A bush (Lair:6)
  8 starspawn tentacles (WizLab)
1264 creatures vanquished.

Vanquished Creatures (collateral kills)
  A dread lich (Vaults:3)
  A sphinx (Vaults:3)
  2 tentacled starspawn (WizLab)
  Roxanne (Spider:1)
  A tengu reaver (Vaults:3)
  A frost giant (Vaults:3)
  3 vault wardens (Vaults:3)
  A cacodemon (WizLab)
  4 ironbound preservers (Vaults:3)
  2 war gargoyles
  2 stone giants (WizLab)
  5 very ugly things (Vaults:3)
  A dire elephant (Vaults:3)
  2 crystal guardians (WizLab)
  3 yaktaur captains (Vaults:3)
  2 vault guards (Vaults:3)
  A great orb of eyes (WizLab)
  An ironbound frostheart (Vaults:3)
  2 death knights (Vaults:2)
  2 ironbound beastmasters
  4 hell knights
  An orange crystal statue (WizLab)
  2 deep trolls (Vaults:3)
  3 glowing orange brains
  5 ironbound convokers (Vaults:3)
  A lindwurm (Vaults:1)
  A necromancer (Vaults:3)
  2 ugly things
  4 vault sentinels
  5 eyes of devastation (WizLab)
  A yaktaur zombie (Vaults:3)
  A demonic crawler (Spider:1)
  A jumping spider (Spider:1)
  A troll (Orc:2)
  A neqoxec (WizLab)
  3 golden eyes (WizLab)
  A scorpion (Lair:3)
  A starcursed mass (WizLab)
  10 foxfires (D:1)
86 creatures vanquished.

Vanquished Creatures (others)
  2 will-o-the-wisps
  2 demonic plants (WizLab)
  736 foxfires
  64 fungi
  89 plants
  4 starspawn tentacles (WizLab)
897 creatures vanquished.

Grand Total: 2247 creatures vanquished

Notes
Turn   | Place    | Note
-------+----------+-------------------------------------------
     0 | D:1      | robertstho the Djinni Fire Elementalist began the quest for
                  | the Orb.
     0 | D:1      | Reached XP level 1. HP: 15/15 MP: 0/0
   475 | D:1      | Reached XP level 2. HP: 18/22 MP: 0/0
   970 | D:1      | Reached skill level 1 in Fighting
  1272 | D:1      | Reached XP level 3. HP: 21/27 MP: 0/0
  1272 | D:1      | Learned a level 1 spell: Animate Skeleton
  1455 | D:1      | Reached skill level 3 in Spellcasting
  2046 | D:1      | Found a faded altar of an unknown god.
  2046 | D:1      | Noticed a Tzitzimitl
  2601 | D:1      | Reached XP level 4. HP: 23/32 MP: 0/0
  3343 | D:2      | Noticed Jessica
  3345 | D:2      | Killed Jessica
  3346 | D:2      | Reached XP level 5. HP: 36/37 MP: 0/0
  3346 | D:2      | Learned a level 2 spell: Static Discharge
  3971 | D:3      | Reached skill level 4 in Spellcasting
  4780 | D:4      | Reached XP level 6. HP: 34/42 MP: 0/0
  4789 | D:4      | Noticed Robin
  4795 | D:4      | Killed Robin
  5201 | D:4      | Found Rusames's Weapon Shoppe.
  5652 | D:4      | Noticed Edmund
  5665 | D:4      | Killed Edmund
  5666 | D:4      | Reached skill level 5 in Spellcasting
  5666 | D:4      | Reached XP level 7. HP: 34/48 MP: 0/0
  5666 | D:4      | Learned a level 3 spell: Ozocubu's Armour
  5772 | D:4      | Noticed Sigmund
  5778 | D:4      | Killed Sigmund
  5824 | D:4      | Noticed Natasha
  5832 | D:4      | Killed Natasha
  5968 | D:4      | Noticed Natasha
  5971 | D:4      | Killed Natasha
  6198 | D:5      | Entered Level 5 of the Dungeon
  6265 | D:5      | Reached skill level 6 in Spellcasting
  6265 | D:5      | Reached XP level 8. HP: 36/54 MP: 0/0
  7780 | D:6      | Reached skill level 7 in Spellcasting
  8136 | D:6      | Reached XP level 9. HP: 49/61 MP: 0/0
  8136 | D:6      | Learned a level 4 spell: Leda's Liquefaction
  8361 | D:6      | Noticed Pikel
  8375 | D:6      | Killed Pikel
  8376 | D:6      | Reached skill level 1 in Maces & Flails
  8376 | D:6      | Reached skill level 8 in Spellcasting
  8580 | D:6      | Found a runed translucent door.
  8581 | D:6      | Noticed Crazy Yiuf
  9476 | D:6      | Killed Crazy Yiuf
  9827 | D:7      | Identified a scroll of acquirement
  9828 | D:7      | Acquired 680 gold pieces
 10159 | D:7      | Reached skill level 9 in Spellcasting
 10694 | D:7      | Reached XP level 10. HP: 60/69 MP: 0/0
 11208 | D:7      | Found a staircase to the Ecumenical Temple.
 11214 | Temple   | Entered the Ecumenical Temple
 11222 | Temple   | Became a worshipper of Gozag Ym Sagoz the Greedy
 11974 | D:8      | Identified the +4 hand axe of Von Hibb {flame, rF- Dex+7}
 12340 | D:8      | Found a runed translucent door.
 12340 | D:8      | Noticed puppykicker's ghost (novice DjWz)
 12696 | D:9      | Reached skill level 10 in Spellcasting
 13164 | D:9      | Reached skill level 5 in Fighting
 13523 | D:9      | Found a staircase to the Orcish Mines.
 13640 | D:9      | Noticed a seven-headed hydra
 13653 | D:9      | Killed a seven-headed hydra
 13654 | D:9      | Reached XP level 11. HP: 22/76 MP: 0/0
 13654 | D:9      | Learned a level 4 spell: Animate Armour
 13675 | D:9      | Reached skill level 11 in Spellcasting
 13687 | D:9      | Noticed a wizard
 13691 | D:9      | Killed a wizard
 14019 | D:9      | Identified the +6 longbow of Pain and Death {venom, Will-
                  | Int+4 Dex+2}
 14860 | D:10     | Entered Level 10 of the Dungeon
 14869 | D:10     | Found a burning altar of Makhleb.
 15300 | D:10     | Noticed a two-headed ogre
 15303 | D:10     | Killed a two-headed ogre
 15536 | D:10     | Reached skill level 12 in Spellcasting
 15855 | D:10     | Found a staircase to the Lair.
 16091 | D:10     | Noticed Erica
 16099 | D:10     | Killed Erica
 16100 | D:10     | Reached XP level 12. HP: 54/84 MP: 0/0
 16638 | D:10     | Noticed a deep troll
 16639 | D:10     | Noticed a deep troll
 16642 | D:10     | Killed a deep troll
 16645 | D:10     | Killed a deep troll
 16767 | D:10     | Found the amulet of Vitality {Regen+ HP+15}
 17109 | D:11     | Reached skill level 13 in Spellcasting
 17674 | D:11     | Noticed a two-headed ogre
 17679 | D:11     | Killed a two-headed ogre
 17970 | D:12     | Noticed a boulder beetle
 18459 | Lair:1   | Entered Level 1 of the Lair of Beasts
 19726 | Lair:1   | Reached XP level 13. HP: 51/90 MP: 0/0
 19726 | Lair:1   | Learned a level 5 spell: Iskenderun's Battlesphere
 20043 | Lair:2   | Reached skill level 14 in Spellcasting
 20375 | Lair:2   | Noticed a seven-headed hydra
 20674 | Lair:2   | Killed a seven-headed hydra
 22339 | Lair:3   | Noticed a six-headed hydra
 22344 | Lair:3   | Killed a six-headed hydra
 22659 | Lair:3   | Found a hole to the Spider Nest.
 22735 | Lair:3   | Noticed Prince Ribbit
 22737 | Lair:3   | Killed Prince Ribbit
 23206 | Lair:3   | Noticed Urug
 23212 | Lair:3   | Killed Urug
 24188 | Lair:4   | Found a staircase to the Swamp.
 24568 | Lair:5   | Reached skill level 15 in Spellcasting
 24733 | Lair:5   | Reached skill level 5 in Stealth
 24766 | Lair:5   | Reached skill level 1 in Axes
 24821 | Lair:5   | Identified the +3 ring mail "Bacoe" {rPois rN+ rCorr}
 24842 | Lair:5   | Reached XP level 14. HP: 98/98 MP: 0/0
 25252 | Lair:5   | Found a runed translucent gate.
 25252 | Lair:5   | Found a runed translucent gate.
 25252 | Lair:5   | Found a runed translucent gate.
 25252 | Lair:5   | Noticed Kuris's ghost (journeyman DsCK)
 25571 | Lair:6   | Entered Level 6 of the Lair of Beasts
 25826 | Lair:6   | Reached skill level 16 in Spellcasting
 25837 | Lair:6   | Upgraded the game from 0.27-a0-1513-g2aaa0cc67b to
                  | 0.27-a0-1532-gca18f49f40
 25853 | Lair:6   | Reached skill level 5 in Dodging
 26101 | Lair:6   | Found a staircase to the Slime Pits.
 26110 | Lair:6   | Reached XP level 15. HP: 104/104 MP: 0/0
 26110 | Lair:6   | Learned a level 6 spell: Starburst
 26122 | Lair:6   | Found a viscous altar of Jiyva.
 27115 | Orc:1    | Entered Level 1 of the Orcish Mines
 27242 | Orc:1    | Reached skill level 17 in Spellcasting
 27293 | Orc:1    | Found a runed translucent gate.
 27467 | Orc:1    | Found a runed translucent gate.
 27467 | Orc:1    | Found a runed translucent gate.
 27467 | Orc:1    | Noticed Hazorath's ghost (journeyman TrBe)
 27531 | Orc:1    | Killed Hazorath's ghost
 27651 | Orc:1    | Acquired 604 gold pieces
 27670 | Orc:2    | Entered Level 2 of the Orcish Mines
 27749 | Orc:2    | Noticed Azrael
 27778 | Orc:2    | HP: 6/120 [troll (7)]
 27778 | Orc:2    | HP: 1/120 [troll (5)]
 27803 | Orc:2    | Killed Azrael
 27859 | Orc:2    | Reached skill level 1 in Evocations
 27980 | Orc:2    | Found a staircase to the Elven Halls.
 28328 | Orc:2    | Found Kunlog's Weapon Shoppe.
 28331 | Orc:2    | Found Midog's Antique Weapon Emporium.
 28332 | Orc:2    | Found Peucs's General Store.
 28336 | Orc:2    | Found Raipajoa's Antique Weapon Shoppe.
 28341 | Orc:2    | Bought 3 scrolls of blinking for 315 gold pieces
 28341 | Orc:2    | Bought a scroll of blinking for 105 gold pieces
 28341 | Orc:2    | Bought 2 potions of brilliance for 112 gold pieces
 30011 | D:13     | Reached XP level 16. HP: 104/112 MP: 0/0
 30049 | D:13     | Found Ruchir's Weapon Shop.
 30810 | D:14     | Found Duocruno's Jewellery Boutique.
 30915 | D:14     | Reached skill level 18 in Spellcasting
 31267 | D:14     | Reached skill level 10 in Fighting
 31461 | D:14     | Found a gate to the Vaults.
 31640 | D:14     | Found a hazy altar of Hepliaklqana.
 31755 | D:15     | Entered Level 15 of the Dungeon
 31775 | D:15     | Noticed a deep elf sorcerer
 32050 | Swamp:1  | Entered Level 1 of the Swamp
 32859 | Swamp:2  | Reached XP level 17. HP: 112/120 MP: 0/0
 32859 | Swamp:2  | Learned a level 7 spell: Summon Hydra
 33473 | Swamp:2  | Reached skill level 19 in Spellcasting
 33769 | Swamp:3  | Noticed Louise
 33782 | Swamp:3  | Killed Louise
 33833 | Swamp:3  | Found the +14 obsidian axe {vorpal, Drain Fly SInv}
 33878 | Swamp:3  | Noticed a thorn hunter
 33883 | Swamp:3  | Killed a thorn hunter
 34320 | Swamp:4  | Entered Level 4 of the Swamp
 34856 | Swamp:4  | Reached XP level 18. HP: 27/128 MP: 0/0
 35166 | Swamp:4  | Found a runed translucent door.
 35166 | Swamp:4  | Found a shimmering altar of Xom.
 35166 | Swamp:4  | Noticed Snikeer's ghost (adept GnEE)
 35233 | Swamp:4  | Reached skill level 20 in Spellcasting
 35293 | Swamp:4  | Found a blossoming altar of Fedhas.
 35408 | Swamp:4  | Found a basalt altar of Yredelemnul.
 35423 | Swamp:4  | Got a decaying rune of Zot
 35585 | Swamp:4  | Identified the +6 spear "Ogre's Doom" {freeze, +Rage Str+4}
 35696 | Spider:1 | Entered Level 1 of the Spider Nest
 36006 | Spider:1 | HP: 6/143 [jumping spider (15)]
 36365 | Spider:1 | Noticed Roxanne
 36389 | Spider:1 | Killed Roxanne
 39019 | D:4      | Noticed Natasha
 39020 | D:4      | Killed Natasha
 39440 | Lair:6   | Bought a +2 pair of gloves of strength for 301 gold pieces
 39440 | Lair:6   | Bought the +1 cloak of Starlight {*Dazzle EV+4 Stlth--} for
                  | 427 gold pieces
 39440 | Lair:6   | Found the +1 cloak of Starlight {*Dazzle EV+4 Stlth--}
 39815 | Spider:3 | Found a hide-covered altar of Uskayaw.
 40152 | Spider:4 | Entered Level 4 of the Spider Nest
 40395 | Spider:4 | Reached XP level 19. HP: 95/134 MP: 0/0
 40395 | Spider:4 | Learned a level 6 spell: Statue Form
 40745 | Spider:4 | Reached skill level 21 in Spellcasting
 41206 | Spider:4 | Got a gossamer rune of Zot
 41508 | Vaults:1 | Entered Level 1 of the Vaults
 42106 | Vaults:1 | Paralysed by a great orb of eyes for 6 turns
 42273 | Vaults:1 | Found a huge runed gate.
 42273 | Vaults:1 | Found a huge runed gate.
 42273 | Vaults:1 | Found a huge runed gate.
 42275 | Vaults:1 | Found a huge runed gate.
 42275 | Vaults:1 | Found a huge runed gate.
 42276 | Vaults:1 | Found a huge runed gate.
 42277 | Vaults:1 | Found a huge runed gate.
 42277 | Vaults:1 | Found a huge runed gate.
 42277 | Vaults:1 | Found a huge runed gate.
 42277 | Vaults:1 | Found a huge runed gate.
 42282 | Vaults:1 | Found a huge runed gate.
 42282 | Vaults:1 | Found a huge runed gate.
 42282 | Vaults:1 | Found a huge runed gate.
 42282 | Vaults:1 | Found a huge runed gate.
 42282 | Vaults:1 | Found a huge runed gate.
 42282 | Vaults:1 | Found a huge runed gate.
 42283 | Vaults:1 | Found a huge runed gate.
 42284 | Vaults:1 | Found a huge runed gate.
 42285 | Vaults:1 | Found a huge runed gate.
 42386 | Vaults:1 | Found a huge runed gate.
 42386 | Vaults:1 | Found a huge runed gate.
 42386 | Vaults:1 | Found a huge runed gate.
 42386 | Vaults:1 | Found a huge runed gate.
 42386 | Vaults:1 | Found a huge runed gate.
 42386 | Vaults:1 | Found a huge runed gate.
 42387 | Vaults:1 | Found a huge runed gate.
 42388 | Vaults:1 | Found a huge runed gate.
 42411 | Vaults:1 | Found a huge runed gate.
 42419 | Vaults:1 | Found a huge runed gate.
 42419 | Vaults:1 | Found a huge runed gate.
 42419 | Vaults:1 | Found a huge runed gate.
 42419 | Vaults:1 | Found a huge runed gate.
 42419 | Vaults:1 | Found a huge runed gate.
 42419 | Vaults:1 | Found a huge runed gate.
 42420 | Vaults:1 | Found a huge runed gate.
 42421 | Vaults:1 | Found a huge runed gate.
 42698 | Vaults:1 | Reached XP level 20. HP: 141/141 MP: 0/0
 43303 | Vaults:2 | Reached skill level 22 in Spellcasting
 43465 | Vaults:2 | Found a magical portal.
 43476 | WizLab   | Entered Lehudib's Moon Base
 43657 | WizLab   | Found a transporter.
 43683 | WizLab   | Gained mutation: You sometimes lose the ability to read
                  | scrolls when taking damage. [a neqoxec]
 43686 | WizLab   | Paralysed by accursed screaming for 1 turns
 44026 | WizLab   | Gained mutation: You have a pair of small antennae on your
                  | head. [a cacodemon]
 44302 | WizLab   | Paralysed by accursed screaming for 1 turns
 44699 | WizLab   | Found a transporter.
 44905 | WizLab   | Identified the ring of Naxki {+Blink rF- EV+4 Int+4 Slay+5}
 45019 | WizLab   | Reached XP level 21. HP: 53/148 MP: 0/0
 45019 | WizLab   | Learned a level 7 spell: Storm Form
 45138 | WizLab   | Identified the +1 plate armour of the Frog {rPois}
 45139 | WizLab   | Identified the +1 hat of Ixyc {rC+ MP+9}
 45649 | Vaults:2 | Found a staircase to the Crypt.
 45837 | Vaults:2 | Found the +2 shield of Resistance {rF++ rC++ Will++}
 46475 | Vaults:3 | Reached skill level 1 in Armour
 46684 | Vaults:3 | Found Honkoum's Distillery.
 46706 | Vaults:3 | Bought a potion of curing for 45 gold pieces
 46706 | Vaults:3 | Bought a potion of heal wounds for 75 gold pieces
 46706 | Vaults:3 | Bought a potion of curing for 45 gold pieces
 46706 | Vaults:3 | Bought a potion of curing for 45 gold pieces
 46706 | Vaults:3 | Bought a potion of berserk rage for 75 gold pieces
 46730 | Vaults:3 | Reached skill level 23 in Spellcasting
 46763 | Vaults:3 | Noticed Margery
 46776 | Vaults:3 | Killed Margery
 47416 | Vaults:3 | Reached skill level 1 in Unarmed Combat
 47503 | Vaults:3 | Noticed a dread lich
 47517 | Vaults:3 | Killed a dread lich
 47565 | Vaults:3 | Reached XP level 22. HP: 70/157 MP: 0/0
 48625 | Vaults:4 | Noticed Jory
 48630 | Vaults:4 | Killed Jory
 48631 | Vaults:4 | Reached skill level 24 in Spellcasting
 48641 | Vaults:4 | Reached skill level 1 in Shields
 49306 | Vaults:5 | Entered Level 5 of the Vaults
 49348 | Vaults:4 | HP: 8/172 [vault guard (14)]
 49348 | Vaults:4 | Mangled by a vault guard

Illustrated notes

Levels and vault maps discovered:
D:1:      psy_arrival_statuary, layout_loops_cross,
          dreamdust_ecumenical_altar_sealed_demon,
          chequers_serial_rivers_small_a, minmay_strange_pillars,
          minmay_misc_feat_encased, grunt_decor_junction, minmay_hedge_maze,
          minmay_indecisive_spiral
D:2:      layout_loops_ring, uniq_jessica
D:3:      layout_rooms, chequers_serial_rivers_micro_a
D:4:      layout_gridville, serial_shops, nicolae_shop_crystal,
          sigmund_edmund_badplayer, uniq_robin, uniq_natasha
D:5:      layout_basic
D:6:      layout_loops_corners, nicolae_underground_beach,
          uniq_crazy_yiuf_cottage, uniq_pikel, uniq_edmund
D:7:      layout_layer_cave, minmay_temple_entry_enclosed_plants
D:8:      layout_cave_pods, gammafunk_ghost_grave
D:9:      minmay_tri_box, layout_loops_ring, serial_glass, glass_columns_b,
          glass_columns_c
D:10:     layout_roguey, lemuel_crystal_altar, due_lair_maze_entry_diamond,
          hellmonk_guarded_unrand_vitality_bloodlust, uniq_erica
D:11:     layout_loops_cross
D:12:     layout_cave_pools
D:13:     layout_loops_corners, serial_shops, shop
D:14:     layout_roguey [special_room_orc],
          hangedman_vaults_entry_quadrant_bands, serial_shops,
          nicolae_take_the_stairs, nicolae_hepliaklqana_hippocampus,
          minmay_fractal_squares_gapless_7
D:15:     hangedman_depths_entry_civil_slaughter, layout_irregular_city,
          hangedman_abyss_or_decor_slice
Temple:   regret_index_temple_sigil_plot
Lair:1:   minmay_lair_oklob_tunnel, layout_chaotic_city,
          chequers_serial_rivers_marsh
Lair:2:   layout_regular_city, grunt_megastairs_2
Lair:3:   layout_chaotic_city, nicolae_spider_entry_non_spiders,
          nicolae_volcano_entry_s_turn, chequers_serial_rivers_room_b,
          grunt_megastairs_4, uniq_urug, uniq_prince_ribbit2
Lair:4:   layout_gridlike, nicolae_swamp_entry_splash_gauntlet,
          patterned_corridor
Lair:5:   layout_roguey, ebering_ghost_rock_garden, beast_lair_carwin_5,
          grunt_megastairs_3
Lair:6:   minmay_lair_end_enchanted_forest, layout_misc_corridors,
          slime_altar_1, chequers_serial_rivers_micro_d, lemuel_fruit_tree
Swamp:1:  layout_basic_swamp, hangedman_swamp_ruin_wall, swamp_pool1,
          nicolae_swamp_spriggan_camp
Swamp:2:  layout_basic_swamp, nicolae_swamp_some_circles,
          infiniplex_staircase_pool
Swamp:3:  layout_basic_swamp, evilmike_swamp_ruin_house_5, uniq_louise
Swamp:4:  byrel_swamp_growth_death_and_undeath, layout_basic_swamp,
          ebering_ghost_xom, hangedman_swamp_dais
Spider:1: layout_spider_delve, nicolae_spider_jagged_tunnels, uniq_roxanne
Spider:2: layout_chambers
Spider:3: layout_spider_delve, nicolae_spider_altar_of_dancing
Spider:4: spider_rune_water
Orc:1:    layout_diamond_mine, gammafunk_ghost_necromancy
Orc:2:    st_orc_mages, layout_diamond_mine, uniq_azrael
Vaults:1: vaults_not_door_vault_due, hangedman_vaults_nodes,
          ontoclasm_vaults_twist, v_pattern_5, ontoclasm_vaults_chip,
          vaults_mumra_hexcomb, nicolae_vaults_little_ls, ontoclasm_vaults_spin,
          vaults_mumra_lcd, v_misc_23, vaults_dpeg_ring, vaults_dpeg_cross,
          layout_vaults_omnibox
Vaults:2: nicolae_vaults_stairing_the_circle, ontoclasm_vaults_fault,
          nicolae_vaults_puzzle_piece, nicolae_vaults_an_arrangement,
          hangedman_vaults_corner_blocks, minmay_crypt_entry_simple_round,
          vaults_dpeg_hooks, layout_vaults_omnigrid, mu_enter_wizlab_4
Vaults:3: v_misc_28, v_misc_9, v_misc_33, hangedman_vaults_pinch, v_misc_14,
          v_misc_9, v_misc_32, st_eye, nicolae_vaults_rhombus_5,
          layout_vaults_ring, serial_shops, nicolae_shop_window_shopping,
          uniq_margery
Vaults:4: v_misc_26, ontoclasm_vaults_chip, nicolae_vaults_border_crossing,
          st_smaller_cells, nicolae_vaults_ninety_degrees,
          vaults_room_large_hall, ontoclasm_vaults_claustrophobia,
          nicolae_vaults_rhombus_7, ontoclasm_vaults_shuriken,
          nicolae_vaults_network_periphery, vaults_room_hallway,
          layout_vaults_omnicross, uniq_jory
Vaults:5: serial_shops

Skill      XL: |  1  2  3  4  5  6  7  8  9 10 11 12 13 14 15 16 17 18 19 20 21 22 |
---------------+-------------------------------------------------------------------+-----
Fighting       | 1 2 3 4 5 6 7 8 9 10 11 12 13 | 13.7
Spellcasting   | 3 4 5 6 7 9 10 12 13 15 16 17 18 19 20 21 22 23 24 | 24.1
Stealth        | 2 3 4 5 |  5.4
Dodging        | 3 4 5 6 7 8 |  8.0
Maces & Flails | 1 |  1.4
Axes           | 1 2 3 |  3.2
Evocations     | 1 |  1.4
Armour         | 2 |  2.4
Unarmed Combat | 1 |  1.1
Shields        | 1 |  1.3

Action                   |  1- 3 |  4- 6 |  7- 9 | 10-12 | 13-15 | 16-18 | 19-21 | 22-24 || total
-------------------------+-------+-------+-------+-------+-------+-------+-------+-------++-------
Melee: Short sword       |     3 |       |       |       |       |       |       |       ||     3
       Flail             |       |       |     9 |       |       |       |       |       ||     9
       Hand axe          |       |       |       |       |     9 |       |       |       ||     9
       Broad axe         |       |       |       |       |    29 |     4 |    26 |     3 ||    62
       Unarmed           |       |       |       |       |       |       |    23 |       ||    23
 Cast: Foxfire           |   119 |   191 |   134 |       |       |       |       |       ||   444
       Sticky Flame      |       |     1 |    15 |    21 |    58 |    10 |     6 |     3 ||   114
       Fireball          |       |       |    22 |   187 |   298 |   438 |   251 |    93 ||  1289
       Static Discharge  |       |       |     1 |     3 |    26 |       |       |       ||    30
       Leda's Liquefacti |       |       |       |     2 |     1 |     1 |       |       ||     4
       Iskenderun's Batt |       |       |       |       |     5 |       |     1 |       ||     6
       Starburst         |       |       |       |       |    58 |   146 |   164 |    29 ||   397
       Inner Flame       |       |       |       |       |       |     1 |       |       ||     1
       Summon Hydra      |       |       |       |       |       |     7 |   101 |    12 ||   120
       Statue Form       |       |       |       |       |       |       |    11 |       ||    11
       Storm Form        |       |       |       |       |       |       |     6 |       ||     6
Invok: Potion Petition   |       |       |       |     2 |       |     5 |     3 |       ||    10
       Call Merchant     |       |       |       |       |       |     1 |       |       ||     1
 Abil: Blinkbolt         |       |       |       |       |       |       |     4 |       ||     4
       End Transformatio |       |       |       |       |       |       |     1 |       ||     1
Evoke: Wand              |       |       |       |     2 |     8 |       |       |       ||    10
       Condenser vane    |       |       |       |       |     1 |       |     1 |       ||     2
  Use: Scroll            |     2 |     2 |     3 |     4 |    11 |    16 |     3 |     1 ||    42
       Potion            |     1 |       |     2 |     5 |     8 |     8 |     9 |     1 ||    34
 Stab: Sleeping          |       |       |     1 |       |       |       |       |       ||     1
Armor: Robe              |     6 |     3 |     9 |       |       |       |       |       ||    18
       Steam dragon scal |       |       |     1 |     7 |    70 |    51 |     9 |       ||   138
       Skin              |       |       |       |       |       |       |    53 |       ||    53
       Troll leather arm |       |       |       |       |       |       |    17 |     5 ||    22
Dodge: Dodged            |    22 |    28 |    31 |    20 |   139 |   115 |   202 |    25 ||   582
Block: Kite shield       |       |       |       |       |       |       |     9 |    20 ||    29

Table legend: (Time is in decaauts)
 A = Elapsed time spent in this place.
 B = Non-inter-level travel time spent in this place.
 C = Inter-level travel time spent in this place.
 D = Time resting spent in this place.
 E = Time spent auto-exploring this place.
 F = Levels seen in this place.
 G = Mean time per level.
                   A        B        C        D        E       F      G
               +--------+--------+--------+--------+--------+-----+--------+
         Total |  49716 |  46466 |   3250 |   3416 |  36705 |  38 | 1308.3 |
       Dungeon |  22485 |  21083 |   1402 |   1479 |  17556 |  15 | 1499.0 |
        Temple |     16 |      8 |      8 |      0 |      0 |   1 |   16.0 |
          Lair |   9163 |   8357 |    806 |    943 |   6427 |   6 | 1527.2 |
         Swamp |   3577 |   3397 |    180 |    257 |   2551 |   4 |  894.2 |
   Spider Nest |   4828 |   4377 |    451 |    372 |   3445 |   4 | 1207.0 |
  Orcish Mines |   1483 |   1405 |     78 |     56 |   1011 |   2 |  741.5 |
        Vaults |   6294 |   5972 |    322 |    256 |   4395 |   5 | 1258.8 |
        Wizlab |   1866 |   1866 |      0 |     52 |   1319 |   1 | 1866.0 |
               +--------+--------+--------+--------+--------+-----+--------+

Top non-repeatable levels by time:
     D:9: 2719 daAuts
     D:1: 2682 daAuts
  Lair:1: 2165 daAuts
     D:6: 1949 daAuts
Vaults:1: 1932 daAuts
    D:10: 1903 daAuts
  Lair:3: 1873 daAuts
  WizLab: 1866 daAuts
     D:7: 1818 daAuts
Spider:2: 1621 daAuts
    D:11: 1588 daAuts
     D:4: 1568 daAuts
Vaults:2: 1564 daAuts
  Lair:2: 1542 daAuts
     D:5: 1517 daAuts
